 Dungeon Crawl Stone Soup version 0.30.1-4-g462c640d31 (webtiles) character file.

Game seed: 11776708806012233769

27520 Mune the Severer (level 13, -1/96 HPs)
             Began as a Minotaur Berserker on Aug 12, 2023.
             Was a Priest of Trog.
             Slain by an 11-headed hydra (5 damage)
             ... on level 1 of the Lair of Beasts.
             The game lasted 00:31:36 (13622 turns).

Mune the Severer (Minotaur Berserker)              Turns: 13622, Time: 00:31:36

Health: -1/96      AC: 15    Str: 30    XL:     13   Next: 4%
Magic:  0/12       EV: 12    Int:  4    God:    Trog [***...]
Gold:   1547       SH:  0    Dex: 16    Spells: 12/12 levels left

rFire   + + .        N - +8 battleaxe
rCold   + + .        (shield currently unavailable)
rNeg    . . .        w - +4 ring mail
rPois   +            (helmet restricted)
rElec   +            T - scarf {rC+ rF+}
rCorr   +            S - +0 pair of gloves
SInv    +            (no boots)
Will    ++...        g - amulet of Muabudo {Spirit Rampage rPois Str+3 SInv}
Stlth   +            L - +6 ring of dexterity
HPRegen 1.36/turn    s - ring of flight
MPRegen 0.13/turn

%: guardian spirit, rampage
@: resistant, strong-willed, on berserk cooldown, flying, regenerating, slowed,
very slow
A: horns 2, retaliatory headbutt
a: Renounce Religion, Berserk, Trog's Hand


You were on level 1 of the Lair of Beasts.
You worshipped Trog.
Trog was most pleased with you.
You visited 2 branches of the dungeon, and saw 12 of its levels.
You also visited: Sewer, Ossuary and Ice Cave.

You collected 1547 gold pieces.

Inventory:

Hand Weapons
 N - a +8 battleaxe (weapon)
Armour
 w - a +4 ring mail (worn)
 S - a +0 pair of gloves (worn)
 T - a scarf of resistance (worn)
Jewellery
 g - the amulet of Muabudo (around neck) {Spirit Rampage rPois Str+3 SInv}
   (You found it in a sewer)

   [amulet of guardian spirit]

   It causes incoming damage to be divided between your reserves of health and
   magic.
   Str:       It affects your strength (+3).
   rPois:     It protects you from poison.
   SInv:      It lets you see invisible.
   Rampage:   It bestows one free step when moving towards enemies.
 h - an amulet of reflection
 q - a ring of protection from cold
 s - a ring of flight (right hand)
 u - a ring of positive energy
 L - a +6 ring of dexterity (left hand)
 M - an amulet of guardian spirit
 U - a ring of protection from fire
Wands
 v - a wand of flame (30) (quivered)
 y - a wand of polymorph (11)
 z - a wand of roots (13)
 I - a wand of quicksilver (6)
 P - a wand of charming (7)
Scrolls
 c - 3 scrolls of fog
 d - 2 scrolls of torment {unknown}
 e - 3 scrolls of poison {unknown}
 f - a scroll of enchant armour
 k - 2 scrolls of immolation {unknown}
 l - 5 scrolls of teleportation
 n - 2 scrolls of silence
 p - 4 scrolls of blinking
 x - 2 scrolls of amnesia
 A - 6 scrolls of noise
 D - 3 scrolls of fear
 H - 2 scrolls of butterflies {unknown}
 J - 2 scrolls of magic mapping {unknown}
 R - a scroll of vulnerability
Potions
 a - a potion of curing
 b - 5 potions of brilliance
 j - 3 potions of berserk rage
 o - 8 potions of mutation
 r - 5 potions of attraction
 t - 3 potions of degeneration
 B - a potion of lignification
 C - 3 potions of haste {unknown}
 F - 3 potions of heal wounds
 G - 3 potions of ambrosia
 K - a potion of magic {unknown}
Miscellaneous
 m - a phial of floods
 Q - a box of beasts (inert)


   Skills:
 - Level 4.0 Fighting
 * Level 18.6 Axes
 * Level 18.4 Armour
 - Level 2.6 Dodging


You had 12 spell levels left.
You didn't know any spells.
Your spell library was empty.

Dungeon Overview and Level Annotations

Branches:
Dungeon (11/15)            Temple (0/1) D:4            Lair (1/5) D:11
  Sewer (visited)         Ossuary (visited)           IceCv (visited)
    Orc: D:9-12

Altars:
Hepliaklqana
Okawaru
Sif Muna
Trog
The Shining One

Shops:
D:4 *

Annotations:
Lair:1 1 transporter, jurchenman's ghost, novice MiFi


Innate Abilities, Weirdness & Mutations

You have a pair of horns on your head.
You reflexively headbutt those who attack you in melee.


Message History

Aiming: Throw Flame
Press: ? - help, Shift-Dir - straight line, f - ten-headed hydra
Aim: a ten-headed hydra (heavily wounded, 89% to hit)
Okay, then.
Aim the phial where?
Press: ? - help, Shift-Dir - straight line, f - ten-headed hydra
Aim: a ten-headed hydra (heavily wounded)
Okay, then.
You lop one of the ten-headed hydra's heads off!
The nine-headed hydra grows two more!
You slash the 11-headed hydra!
The 11-headed hydra is heavily wounded.
You slash jurchenman's ghost! You slice the basilisk!!
Jurchenman's ghost hits you. The 11-headed hydra barely misses you.
The 11-headed hydra bites you!
* * * LOW HITPOINT WARNING * * *
The 11-headed hydra bites you.
* * * LOW HITPOINT WARNING * * *
The 11-headed hydra bites you but does no damage.
The 11-headed hydra closely misses you. The 11-headed hydra bites you.
* * * LOW HITPOINT WARNING * * *
The 11-headed hydra bites you but does no damage.
The 11-headed hydra bites you!
* * * LOW HITPOINT WARNING * * *
The 11-headed hydra barely misses you. The 11-headed hydra bites you!
* * * LOW HITPOINT WARNING * * *
The 11-headed hydra bites you but does no damage.
The basilisk closely misses you.
You feel much better. Jurchenman's ghost barely misses you.
You furiously retaliate!
You headbutt jurchenman's ghost! The 11-headed hydra bites you.
The 11-headed hydra closely misses you. The 11-headed hydra bites you.
* * * LOW HITPOINT WARNING * * *
The 11-headed hydra bites you!
* * * LOW HITPOINT WARNING * * *
The 11-headed hydra barely misses you. The 11-headed hydra bites you!
* * * LOW HITPOINT WARNING * * *
The 11-headed hydra closely misses you. The 11-headed hydra bites you.
* * * LOW HITPOINT WARNING * * *
The 11-headed hydra bites you.
You die...

##...##h###.##...## ###
##..##...Y..~##..P#
##..##8...~...8##..### #
##..##~.#.###.#..##...# #
#..##.....#.##...)##..## #
#..#.#.$##...##..#.#...#
..©#.#..#....|#hY#.#©..#
#..#.#~.##....#Dl#.#...#
...##....##)##..@.##...# #
#...##~.#.###.#W.##....##########
#.#..##8......~8##...............
...#..##~..$...##..#.....##.#####
#..##..##.###.##..##.##..####
##.##...##.©.##..##..##..### #
#...###..#####..####.##....#### #
................####.........P###
#....##P#.....#.#................


You could see a 11-headed hydra, a basilisk, a black bear, a dream sheep and
jurchenman's ghost.

Vanquished Creatures
  Josephine (D:11)
  An ice dragon (IceCv)
  A boulder beetle (D:11)
  5 two-headed ogres
  A death yak (D:11)
  The ghost of TrollFarmer the Nimble, a novice DjFE of Makhleb (D:9)
  A deep troll (D:9)
  Pikel (D:5)
  An ugly thing (D:11)
  A moth of wrath (D:9)
  2 cyclopes
  Maurice (D:8)
  2 centaur zombies (D:11)
  2 ice statues (IceCv)
  3 centaur skeletons (D:11)
  A gargoyle (D:11)
  4 cane toads (Lair:1)
  3 rime drakes (IceCv)
  2 komodo dragons (Lair:1)
  2 hellwings (D:11)
  A queen bee (D:9)
  A shadow (D:8)
  Sigmund (D:5)
  2 wyverns (D:8)
  20 yaks
  8 wraiths
  3 steam dragons
  2 vampire mosquitoes (D:11)
  Menkaure (D:4)
  4 water moccasins
  2 black bears
  4 ice beasts
  6 orc warriors
  A sky beast (D:7)
  A wolf (Lair:1)
  3 centaurs
  2 ogres (D:6)
  3 lemures (D:5)
  A kobold brigand (D:9)
  7 bullfrogs
  A scorpion (D:6)
  4 wights (D:8)
  3 lindwurm simulacra (IceCv)
  26 killer bees
  6 howler monkeys
  7 komodo dragon simulacra (IceCv)
  A crimson imp (D:7)
  A jelly (D:8)
  6 orc priests
  6 hounds
  A gnoll bouda (D:9)
  Crazy Yiuf (D:3)
  A sleepcap (D:8)
  5 iguanas
  8 orc wizards
  A boggart skeleton (D:11)
  8 mummies (Ossuary)
  6 acid dragon simulacra (IceCv)
  7 gnolls
  5 adders
  A river rat (D:11)
  6 shadow imps
  11 white imps
  An ufetubus (D:6)
  3 steam dragon simulacra (IceCv)
  2 worms
  A dart slug (D:1)
  38 orcs
  10 endoplasms
  5 giant cockroaches
  7 goblins
  9 hobgoblins
  8 jackals (D:1)
  14 kobolds
  6 quokkas
  8 ball pythons
  7 bats
  A frilled lizard (D:1)
  3 hobgoblin zombies (Ossuary)
  2 kobold zombies (Ossuary)
  3 orc zombies (Ossuary)
  6 rats
365 creatures vanquished.

Vanquished Creatures (collateral kills)
  2 death yaks (D:11)
  A cyclops (D:8)
  A rime drake (IceCv)
  A basilisk (D:8)
  An acid dragon (D:8)
  A gnoll sergeant (D:8)
  A komodo dragon simulacrum (IceCv)
  An acid dragon simulacrum (IceCv)
  4 white imps (D:11)
13 creatures vanquished.

Grand Total: 378 creatures vanquished

Notes
Turn   | Place    | Note
-------+----------+-------------------------------------------
     0 | D:1      | Mune the Minotaur Berserker began the quest for the Orb.
     0 | D:1      | Reached XP level 1. HP: 19/19 MP: 0/0
   373 | D:1      | Reached XP level 2. HP: 27/27 MP: 1/1
   555 | D:1      | Reached XP level 3. HP: 28/33 MP: 2/2
   574 | D:1      | Reached ** piety under Trog
  1363 | D:2      | Reached XP level 4. HP: 33/40 MP: 3/3
  1484 | D:2      | Found a faded altar of an unknown god.
  2532 | D:3      | Found a runed translucent door.
  2533 | D:3      | Noticed Crazy Yiuf
  2541 | D:3      | Killed Crazy Yiuf
  2542 | D:3      | Reached skill level 5 in Axes
  2727 | D:4      | Reached XP level 5. HP: 46/46 MP: 4/4
  2742 | D:4      | Found Getoack's Assorted Antiques.
  2836 | D:4      | Reached *** piety under Trog
  2957 | D:4      | Noticed Menkaure
  2962 | D:4      | Killed Menkaure
  2963 | D:4      | Reached skill level 5 in Armour
  2963 | D:4      | Reached XP level 6. HP: 42/52 MP: 5/5
  3041 | D:4      | Found a staircase to the Ecumenical Temple.
  3326 | D:5      | Entered Level 5 of the Dungeon
  3394 | D:5      | Found a hazy altar of Hepliaklqana.
  3395 | D:5      | Found a shimmering blue altar of Sif Muna.
  3529 | D:5      | Noticed Pikel
  3533 | D:5      | Noticed an ice beast
  3542 | D:5      | Killed Pikel
  3543 | D:5      | Reached XP level 7. HP: 28/59 MP: 1/6
  3665 | D:5      | Reached XP level 8. HP: 42/66 MP: 2/7
  3797 | D:5      | Found a glowing drain.
  3819 | Sewer    | Entered a sewer
  3875 | Sewer    | Identified the amulet of Muabudo {Spirit Rampage rPois
                  | Str+3 SInv}
  3929 | D:5      | Noticed Sigmund
  3939 | D:5      | Killed Sigmund
  4536 | D:6      | Reached skill level 10 in Axes
  4648 | D:6      | Reached skill level 10 in Armour
  4722 | D:6      | Found a sand-covered staircase.
  4727 | Ossuary  | Entered an ossuary
  4750 | Ossuary  | Reached XP level 9. HP: 60/71 MP: 6/8
  4760 | Ossuary  | Reached **** piety under Trog
  5383 | D:7      | Found an iron altar of Okawaru.
  5384 | D:7      | Found a glowing golden altar of the Shining One.
  6192 | D:8      | Noticed a two-headed ogre
  6204 | D:8      | Killed a two-headed ogre
  6430 | D:8      | Reached XP level 10. HP: 76/78 MP: 5/9
  6568 | D:8      | Noticed Maurice
  6584 | D:8      | Killed Maurice
  6921 | D:8      | Noticed a two-headed ogre
  6931 | D:8      | Noticed a cyclops
  6933 | D:8      | Killed a two-headed ogre
  6938 | D:8      | HP: 3/117 [cyclops (11)]
  6940 | D:8      | Killed a cyclops
  6943 | D:8      | Noticed a cyclops
  6960 | D:8      | Killed a cyclops
  7768 | D:9      | Noticed a two-headed ogre
  7779 | D:9      | Killed a two-headed ogre
  7780 | D:9      | Reached XP level 11. HP: 7/84 MP: 1/10
  8195 | D:9      | Noticed a two-headed ogre
  8195 | D:9      | Noticed TrollFarmer's ghost (novice DjFE)
  8201 | D:9      | Found a bloodstained altar of Trog.
  8211 | D:9      | Found a transporter.
  8217 | D:9      | Found a transporter.
  8221 | D:9      | Noticed a deep troll
  8223 | D:9      | Noticed a two-headed ogre
  8341 | D:9      | Reached skill level 15 in Axes
  8493 | D:9      | Reached skill level 15 in Armour
  9172 | D:9      | Killed a deep troll
  9178 | D:9      | Killed a two-headed ogre
  9185 | D:9      | Killed a two-headed ogre
  9191 | D:9      | Killed TrollFarmer's ghost
  9333 | D:10     | Entered Level 10 of the Dungeon
 10008 | D:11     | Noticed Josephine
 10009 | D:11     | Noticed a death yak
 10016 | D:11     | Noticed a death yak
 10018 | D:11     | Killed Josephine
 10018 | D:11     | Noticed a death yak
 10019 | D:11     | Reached XP level 12. HP: 91/91 MP: 8/11
 10020 | D:11     | Killed a death yak
 10027 | D:11     | Killed a death yak
 10030 | D:11     | Killed a death yak
 10133 | D:11     | Found a staircase to the Lair.
 10138 | D:11     | Found a frozen archway.
 10397 | IceCv    | Entered an ice cave
 10833 | IceCv    | Identified the +2 robe of Articulation {rN+ Str+2}
 11227 | IceCv    | Noticed an ice dragon
 11244 | IceCv    | Killed an ice dragon
 11334 | IceCv    | Identified the amulet "Ixire" {Acrobat rPois Dex+3}
 11695 | D:11     | Noticed a boulder beetle
 11703 | D:11     | Killed a boulder beetle
 12712 | Lair:1   | Entered Level 1 of the Lair of Beasts
 12847 | Lair:1   | Found a transporter.
 12969 | Lair:1   | Reached XP level 13. HP: 92/96 MP: 12/12
 13119 | Lair:1   | Noticed jurchenman's ghost (novice MiFi)
 13217 | Lair:1   | Found a transporter.
 13622 | Lair:1   | HP: 4/96 [11-headed hydra (3)]
 13622 | Lair:1   | Slain by an 11-headed hydra

Illustrated notes

Levels and vault maps discovered:
D:1:      nicolae_arrival_somewhat_less_tricky_arrival, layout_basic
D:2:      layout_basic, shapermc_ecumenical_altar_hornbeckon
D:3:      layout_loops_ring, kennysheep_generic_room_4, uniq_crazy_yiuf_cottage
D:4:      layout_cave_pools, minmay_temple_entry_trees, serial_shops, shop,
          serial_glass, glass_columns_a, glass_columns_a, glass_columns_a,
          glass_columns_a, glass_columns_b, glass_columns_c, glass_columns_a,
          glass_columns_b, uniq_menkaure
D:5:      layout_basic, mainiacjoe_overflow_large_starburst,
          portal_sewer_entry_f, uniq_sigmund, uniq_pikel
D:6:      wad_woods_pond, layout_cave_pools, enter_ossuary_2
D:7:      layout_basic, amethyst_overflow_temple_binary, minmay_splitting_lines,
          minmay_fire_ice_demons
D:8:      layout_cave_pods, mrwooster_statue_mirror, supply_closet_lemuel,
          minmay_misc_feat_enclosed, nzn_random_ring, uniq_maurice
D:9:      layout_basic, gammafunk_ghost_wrathful_warriors, minivault_7
D:10:     layout_basic
D:11:     cheibrodos_grave_circle, layout_layer_cave, dpeg_lair_monsters,
          portal_ice_cave_entry_imps, minmay_misc_feat_room, uniq_josephine
Lair:1:   layout_loops_ring, nzn_ghost_randoct, beast_lair_carwin_4

Skill      XL: |  1  2  3  4  5  6  7  8  9 10 11 12 |
---------------+-------------------------------------+-----
Fighting       | 4 |  4.0
Axes           | 4 5 6 7 8 10 12 14 16 18 | 18.6
Armour         | 3 4 5 7 8 10 12 14 16 18 | 18.4
Dodging        | |  2.6

Action                     |  1- 3 |  4- 6 |  7- 9 | 10-12 | 13-15 || total
---------------------------+-------+-------+-------+-------+-------++-------
  Melee: Hand axe          |    80 |   157 |   261 |    31 |       ||   529
         Headbutt          |    13 |    32 |    46 |    78 |     7 ||   176
         Punch             |       |     3 |     3 |       |       ||     6
         Battleaxe         |       |       |       |   336 |    19 ||   355
 Invoke: Berserk           |     1 |     3 |     6 |    13 |     1 ||    24
         Trog's Hand       |       |     1 |     5 |    14 |     2 ||    22
         Brothers in Arms  |       |       |       |     4 |       ||     4
  Evoke: Box of beasts     |       |       |       |     1 |       ||     1
    Use: Scroll            |       |       |     1 |    20 |     1 ||    22
         Potion            |       |       |       |     9 |     4 ||    13
   Stab: Sleeping          |       |     2 |       |     1 |       ||     3
         Distracted        |       |       |       |     2 |       ||     2
 Armour: Animal skin       |     7 |       |       |       |       ||     7
         Leather armour    |     9 |    15 |     9 |       |       ||    33
         Ring mail         |       |       |   110 |   163 |    32 ||   305
  Dodge: Dodged            |    59 |    57 |   144 |   202 |    55 ||   517
  Block: Other             |     4 |    19 |       |       |       ||    23
